 Dungeon Crawl Stone Soup version 0.16-a0-3029-g57b17b4 (webtiles) character file.

154898 Pikaro the Devastator (level 17, -27/84 HPs)
             Began as a Deep Elf Conjurer on Dec 8, 2014.
             Was the Champion of Vehumet.
             Annihilated by an azure jelly (37 damage)
             ... created by the royal jelly
             ... on level 6 of the Pits of Slime.
             The game lasted 02:58:21 (59612 turns).

Pikaro the Devastator (Deep Elf Conjurer)          Turns: 59612, Time: 02:58:21

Health: -27/84     AC: -1    Str:  5    XL:     17   Next: 7%
Magic:  45/54      EV: 13    Int: 28    God:    Vehumet [******]
Gold:   3186       SH:  7    Dex: 15    Spells: 11 memorised, 2 levels left

rFire  . . .     SeeInvis .     p - staff of power {MP+17, !a}
rCold  . . .     Clarity  +     W - +2 robe {MR+}
rNeg   . . .     SustAb   .     L - +2 buckler
rPois  +         Gourm    .     E - +1 hat {MR+}
rElec  .         Spirit   .     P - +2 cloak
rCorr  .         Warding  .     m - +1 pair of gloves
rMut   .         Stasis   .     X - +0 pair of boots
MR     ++++.                    T - amulet of clarity {Clarity, !d}
Stlth  ++........               u - ring of poison resistance {rP+, !d}
                                z - ring of protection from magic {MR+, !d}

@: corroded equipment, repel missiles, incredibly resistant to hostile
enchantments, unstealthy
A: antennae 1, slimy green scales 1, blurry vision 1, sense surroundings 2,
shaggy fur 1, wild magic 1, evolution 1
a: Renounce Religion


You were on level 6 of the Pits of Slime.
You worshipped Vehumet.
Vehumet was exalted by your worship.
You were hungry.

You visited 4 branches of the dungeon, and saw 33 of its levels.
You also visited: Labyrinth and Volcano.

You collected 3700 gold pieces.
You spent 514 gold pieces at shops.

Inventory:

Armour
 m - a +1 pair of gloves (worn)
   (You found it on level 11 of the Dungeon)
 E - a +1 hat of magic resistance (worn)
   (You took it off Gastronok on level 8 of the Dungeon)
 L - a +2 buckler (worn)
   (You found it on level 13 of the Dungeon)
 P - a +2 cloak (worn)
   (You took it off Maurice on level 9 of the Dungeon)
 W - a +2 robe of magic resistance (worn)
   (You found it in a labyrinth)
 X - a +0 pair of boots (worn)
   (You bought it in a shop on level 4 of the Orcish Mines)
Magical staves
 p - an uncursed staff of power (weapon) {MP+17, !a}
   (You acquired it on level 6 of the Dungeon)
Jewellery
 h - an uncursed ring of teleportation {+/*tele, !d}
   (You found it in a volcano)
 u - a ring of poison resistance (right hand) {rP+, !d}
   (You found it on level 12 of the Dungeon)
 x - an uncursed amulet of regeneration
   (You found it on level 13 of the Dungeon)
 z - a ring of protection from magic (left hand) {MR+, !d}
   (You found it on level 5 of the Lair of Beasts)
 T - an amulet of clarity (around neck) {Clarity, !d}
   (You found it on level 8 of the Lair of Beasts)
Magical devices
 l - a wand of disintegration (8)
   (You found it on level 2 of the Lair of Beasts)
 D - a wand of invisibility (2)
   (You took it off a crimson imp on level 6 of the Dungeon)
 K - a wand of fireball (7)
   (You found it in a labyrinth)
Scrolls
 a - 5 scrolls of identify
 q - 5 scrolls of teleportation
 r - 6 scrolls of remove curse
 t - 5 scrolls of blinking {!r}
 H - a scroll of fear
 Q - a scroll of acquirement
 R - a scroll of fog
Potions
 d - 5 potions of resistance
 B - a potion of invisibility
 M - 5 potions of curing
 Z - a potion of heal wounds
Miscellaneous
 U - a lamp of fire
   (You found it in a labyrinth)
 V - a phial of floods
   (You found it on level 14 of the Dungeon)
Comestibles
 b - 24 royal jellies
 c - 9 fruits
 f - 4 meat rations {@e2}
 F - 2 slices of pizza
 Y - 8 beef jerkies


   Skills:
 + Level 1.9 Fighting
 - Level 2.4 Dodging
 - Level 2.4 Stealth
 - Level 5.0 Shields
 - Level 13.0 Spellcasting
 - Level 18.0 Conjurations
 - Level 11.0 Charms
 - Level 11.0 Fire Magic
 - Level 11.0 Ice Magic
 - Level 11.0 Air Magic
 - Level 11.0 Earth Magic
 - Level 11.0 Poison Magic


You had 2 spell levels left.
You knew the following spells:

 Your Spells              Type           Power        Failure   Level  Hunger
a - Iskenderun's Mystic   Conj           ########     1%          4    None
c - Conjure Flame         Conj/Fire      #######.     1%          3    None
m - Mephitic Cloud        Conj/Pois/Air  #######.     1%          3    None
t - Iskenderun's Battles  Conj/Chrm      #######.     1%          5    ##.....
z - Magic Dart            Conj           ####         1%          1    None
A - Iron Shot             Conj/Erth      #######...   1%          6    ####...
B - Poisonous Cloud       Conj/Pois/Air  #######...   1%          6    ####...
C - Ozocubu's Armour      Chrm/Ice       #######.     1%          3    None
D - Lightning Bolt        Conj/Air       #######...   1%          5    ##.....
E - Repel Missiles        Chrm/Air       ######       1%          2    None
F - Blink                 Tloc           N/A          13%         2    None


Dungeon Overview and Level Annotations

Branches:
Dungeon (15/15)            Temple (0/1) D:4            Lair (8/8) D:11
 Shoals (0/5) Lair:4        Snake (0/5) Lair:4        Slime (6/6) Lair:6
    Orc (4/4) D:10            Elf (0/3) Orc:4        Vaults (0/5) D:14
 Depths (0/5) D:15

Altars:
Ashenzari
Cheibriados
Gozag
Qazlal
Vehumet
Beogh
Jiyva

Shops:
D:6 !   D:11 (   Orc:3 *   Orc:4 [%(%*

Portals:
Trove: D:13 (show slimy rune of Zot)

Annotations:
Slime:6 Royal Jelly


Innate Abilities, Weirdness & Mutations

You have a pair of small antennae on your head.
You are partially covered in slimy green scales (AC +2).
Scrolls take you a little longer to read.
You passively map the area around you.
You are covered in fur (AC +1).
Your spells are a little harder to cast, but a little more powerful.
You evolve.


Message History

Level annotation: Royal Jelly You sense a powerful magical force warping space.
The acid blob spits acid at you. The splash of acid hits you!
The acid corrodes your equipment!
The acid burns!
There is a stone staircase leading up, spattered with blood here.
You take 17 damage, and have 63/80 hp.
MASSIVE DAMAGE!!
The iron shot hits the acid blob.
You now have 48/54 mp.
The iron shot hits the acid blob.
The acid blob closely misses you.
You now have 43/54 mp.
The iron shot hits the acid blob.
You kill the acid blob!
That felt strangely unrewarding.
The acid blob misses you.
You now have 37/54 mp.
The iron shot hits the acid blob.
You block the acid blob's attack.
You now have 31/54 mp.
The iron shot hits the acid blob.
You kill the acid blob!
Vehumet accepts your kill.
You feel your power returning.
Your Fighting skill increases to level 1!
You start resting.
You repair your equipment.
You regained 2 hp, and now have 66/83 hp.
You regained 3 mp, and now have 34/54 mp.
You start resting.
Health restored: 83; MP restored: 54
Found a viscous altar of Jiyva. 2 slime creatures come into view.
The slime creature quivers.
The slime creature moves out of view.
The orb of energy hits the slime creature.
A slime creature comes into view.
You now have 50/54 mp.
The orb of energy hits the slime creature.
The orb of energy explodes!
The mystic blast hits the slime creature.
The slime creature moves out of view.
You now have 46/54 mp.
The orb of energy hits the slime creature.
You kill the slime creature!
Vehumet accepts your kill.
You feel your power returning.
The orb of energy explodes!
The mystic blast hits the slime creature.
A slime creature suddenly becomes a large slime creature.
Spoiler Alert: The large slime creature can hit for high damage in melee!
The iron shot hits the large slime creature.
You now have 41/54 mp.
The iron shot hits the large slime creature.
You kill the large slime creature!
Vehumet accepts your kill.
You feel your power returning.
You now have 39/54 mp.
You start resting.
Health restored: 84; MP restored: 54 The royal jelly quivers.
The royal jelly is too close now for your liking.
Okay, then.
Drink which item? (? for menu, Esc to quit)
Okay, then.
The iron shot hits the royal jelly.
You are feeling hungry.
The royal jelly shudders violently.
The royal jelly spits out three more jellies.
You now have 48/54 mp.
The iron shot hits the royal jelly.
The royal jelly shudders violently.
The royal jelly spits out four more jellies.
You now have 42/54 mp.
Okay, then.
The acid blob spits acid at you. The splash of acid hits you!
The acid corrodes your equipment!
The acid burns!
You take 7 damage, and have 77/84 hp.
The jelly quivers.
The acid blob spits acid at you. The splash of acid hits you!
The acid corrodes your equipment!
The acid burns!
You take 11 damage, and have 66/84 hp.
The acid blob spits acid at you. The splash of acid hits you!
The acid corrodes your equipment!
The acid burns!
You take 16 damage, and have 50/84 hp.
Read which item? (? for menu, Esc to quit)
Really read
t - 5 scrolls of blinking {!r}?
The acid blob spits acid at you.
The splash of acid is repelled.
You begin reading the scroll.
You continue reading the scroll.
The azure jelly hits you! The azure jelly freezes you!!
* * * LOW HITPOINT WARNING * * *
The azure jelly hits you.
* * * LOW HITPOINT WARNING * * *
The azure jelly freezes you!!!
You die...

,, , ..... #* , #..# ,
##... , , . ..# , ,#.## ,
*##.... , ,,....# *#..#
##..... ,, ......#####.#*#
#...... , ,
.......#.#...#.#........ ,
,............J...........
.......J.J..............
.......J..J.J............
, ,,
........@JJJJ.........J..
, ,
,.......................J.
, ...................J.J..
, ........................
*,
........................ *
, ............. ........
,........... ,.......
.........,, , ...... ,...
, , ....#


You could see the royal jelly, 3 acid blobs, 2 azure jellies, 3 death oozes and
a jelly.

Vanquished Creatures
  11 acid blobs
  6 azure jellies
  A frost giant (D:15)
  Gastronok (D:8)
  The ghost of Somebody the Lord of Darkness, a powerful DENe of Kikubaaqudgha (Lair:8)
  3 death oozes
  A minotaur (Lab)
  Josephine (D:10)
  A fire dragon (Lair:8)
  2 great orbs of eyes (Slime:6)
  Harold (Orc:3)
  7 hydras
  Nessos (Orc:3)
  Erica (D:13)
  4 centaur warriors
  3 tengu warriors
  Urug (D:10)
  5 orc high priests (Orc:4)
  A catoblepas (D:13)
  3 unseen horrors
  9 orc knights
  A fire crab (Lair:6)
  A hill giant (D:10)
  A giant orange brain (Slime:4)
  Erolcha (Orc:3)
  Pikel (D:6)
  2 wolf spiders (Orc:4)
  A lindwurm (Volcano)
  5 ugly things
  A cyclops (D:12)
  3 manticores
  5 shining eyes
  5 black mambas
  An oklob plant (Lair:7)
  4 griffons
  3 molten gargoyles (Volcano)
  Maurice (D:9)
  6 elephants
  The ghost of Sphara the Covert, an experienced SpCK of Xom (D:5)
  A centaur zombie (D:14)
  2 gargoyles
  16 spiny frogs
  2 eyes of devastation
  A torpor snail (Lair:8)
  A queen ant (D:13)
  A kobold demonologist (D:12)
  9 komodo dragons
  A tengu conjurer (D:13)
  10 polar bears
  6 yaktaurs (D:15)
  2 queen bees
  Sonja (D:13)
  A wandering mushroom (Lair:8)
  A raiju (shapeshifter) (D:14)
  8 ravens
  A troll (D:14)
  2 fire vortices (Volcano)
  4 two-headed ogres
  6 blink frogs
  A trapdoor spider (Lab)
  79 yaks
  6 basilisks
  67 slime creatures
  4 wraiths
  11 hippogriffs
  5 fire elementals (Volcano)
  5 deep elf magi
  A tarantella (Orc:4)
  7 vampire mosquitoes
  A centaur simulacrum (D:15)
  3 hungry ghosts
  6 golden eyes (Slime:6)
  3 wyverns
  Grum (D:8)
  The ghost of Kemay the Insei, an average DrTm (D:4)
  4 steam dragons
  7 wargs
  2 shadows
  23 wolves
  2 nagas (Lair:4)
  19 water moccasins
  8 porcupines
  A spider (Orc:4)
  4 hell hounds (Lair:8)
  7 soldier ants (D:13)
  A necrophage (D:8)
  42 orc warriors
  4 mottled dragons
  14 ogres
  3 sky beasts
  4 swamp drakes (Lair:8)
  9 eyes of draining
  12 black bears
  18 centaurs
  A slave (D:6)
  4 yellow wasps
  An ice beast (D:9)
  A boring beetle (Lair:8)
  2 big kobolds
  15 crocodiles
  20 giant frogs
  A brain worm (D:13)
  A wyvern zombie (D:10)
  A water moccasin zombie (D:7)
  3 scorpions
  70 killer bees
  12 wights
  7 crimson imps
  2 goliath beetles
  A giant frog zombie (D:7)
  15 jellies
  7 centaur skeletons
  6 giant frog skeletons
  31 hounds
  34 orc wizards
  58 orc priests
  13 iguanas
  40 worker ants
  14 sheep
  2 ogre skeletons (Lab)
  A mummy (D:11)
  50 river rats
  3 shadow imps
  28 adders
  4 worms
  An adder skeleton (D:4)
  9 giant geckos
  17 oozes
  233 orcs
  15 bats
  6 giant cockroaches
  14 goblins
  20 hobgoblins
  14 quokkas
  3 ball pythons
  A giant gecko skeleton (D:7)
  4 giant newts
  2 giant spores
  12 jackals
  31 kobolds
  A quokka skeleton (D:4)
  16 rats
  4 ballistomycetes
  6 fungi
  7 plants
1432 creatures vanquished.

Vanquished Creatures (collateral kills)
  An ettin (Orc:2)
1 creature vanquished.

Vanquished Creatures (others)
  A water elemental (Orc:2)
  A shadow imp (D:6)
  A bat (D:6)
  2 fungi (Lair:7)
  8 plants (Lair:8)
13 creatures vanquished.

Grand Total: 1446 creatures vanquished

Notes
Turn   | Place    | Note
--------------------------------------------------------------
     0 | D:1      | Pikaro, the Deep Elf Conjurer, began the quest for the Orb.
     0 | D:1      | Reached XP level 1. HP: 10/10 MP: 5/5
   356 | D:1      | Reached XP level 2. HP: 15/15 MP: 4/8
   448 | D:1      | Reached skill level 5 in Conjurations
  1785 | D:2      | Reached XP level 3. HP: 19/19 MP: 6/10
  2229 | D:2      | Reached skill level 6 in Conjurations
  2400 | D:2      | Reached XP level 4. HP: 24/24 MP: 6/13
  2545 | D:2      | Found an opulent altar of Gozag.
  2633 | D:2      | Learned a level 4 spell: Iskenderun's Mystic Blast
  2669 | D:2      | Found a radiant altar of Vehumet.
  2807 | D:2      | Became a worshipper of Vehumet
  3051 | D:2      | Found an opulent altar of Gozag.
  3379 | D:2      | Found a radiant altar of Vehumet.
  4049 | D:3      | Reached XP level 5. HP: 28/28 MP: 11/16
  4092 | D:3      | Learned a level 5 spell: Iskenderun's Battlesphere
  4106 | D:3      | Reached skill level 7 in Conjurations
  4191 | D:3      | Found a shattered altar of Ashenzari.
  4296 | D:3      | Acquired Vehumet's first power
  4296 | D:3      | Offered knowledge of Sandblast by Vehumet.
  4340 | D:3      | Found a snail-covered altar of Cheibriados.
  5441 | D:3      | Found a snail-covered altar of Cheibriados.
  5592 | D:4      | Reached skill level 8 in Conjurations
  5592 | D:4      | Reached XP level 6. HP: 32/32 MP: 13/18
  5691 | D:4      | Noticed Kemay's ghost (average DrTm)
  6435 | D:4      | Found a staircase to the Ecumenical Temple.
  6802 | D:4      | Killed Kemay's ghost
  6802 | D:4      | Reached skill level 9 in Conjurations
  7442 | D:4      | Found a staircase to the Ecumenical Temple.
  7594 | D:5      | Entered Level 5 of the Dungeon
  7602 | D:5      | Reached XP level 7. HP: 28/36 MP: 12/20
  7627 | D:5      | Noticed Sphara's ghost (experienced SpCK)
  7667 | D:5      | Found a shattered altar of Ashenzari.
  7670 | D:5      | Killed Sphara's ghost
  7670 | D:5      | Reached skill level 10 in Conjurations
  7755 | D:5      | Found a stormy altar of Qazlal.
  8210 | D:5      | Offered knowledge of Throw Flame by Vehumet.
  8527 | D:5      | Found a shattered altar of Ashenzari.
  8556 | D:5      | Found a stormy altar of Qazlal.
  8808 | D:6      | Reached XP level 8. HP: 41/41 MP: 8/21
  8936 | D:6      | Reached skill level 11 in Conjurations
  8962 | D:6      | Found Froanuurph's Distillery.
  8969 | D:6      | Bought a potion of magic for 104 gold pieces
  8969 | D:6      | Bought a potion of curing for 39 gold pieces
  8969 | D:6      | Bought a potion of heal wounds for 65 gold pieces
  9631 | D:6      | Noticed Pikel
  9635 | D:6      | Killed Pikel
  9635 | D:6      | Reached skill level 12 in Conjurations
  9901 | D:7      | Reached skill level 13 in Conjurations
  9929 | D:7      | Reached XP level 9. HP: 38/45 MP: 10/22
 10398 | D:7      | Offered knowledge of Conjure Flame by Vehumet.
 10411 | D:7      | Learned a level 3 spell: Conjure Flame
 10810 | D:7      | Acquired Vehumet's second power
 10987 | D:7      | Reached skill level 14 in Conjurations
 12200 | D:8      | Noticed Grum
 12204 | D:8      | Killed Grum
 12233 | D:7      | HP: 6/45 [wolf[Grum] (6)]
 12495 | D:8      | Reached skill level 15 in Conjurations
 12890 | D:8      | Reached XP level 10. HP: 50/50 MP: 16/24
 13061 | D:8      | Offered knowledge of Sticky Flame by Vehumet.
 13215 | D:8      | Noticed Gastronok
 13250 | D:8      | Killed Gastronok
 13250 | D:8      | Reached skill level 16 in Conjurations
 15573 | D:9      | Acquired Vehumet's third power
 15663 | D:9      | Gained mutation: You passively map a small area around you. [mutagenic meat]
 15664 | D:9      | Gained mutation: You are partially covered in slimy green scales (AC +2). [mutagenic meat]
 15665 | D:9      | Gained mutation: You have difficulty communicating with the divine. [mutagenic meat]
 15711 | D:9      | Offered knowledge of Airstrike by Vehumet.
 15956 | D:9      | Reached skill level 17 in Conjurations
 16179 | D:9      | Noticed Maurice
 16320 | D:9      | Killed Maurice
 17388 | D:6      | Identified a scroll of acquirement
 18137 | D:10     | Entered Level 10 of the Dungeon
 18280 | D:10     | Noticed an orc knight
 18310 | D:10     | Killed an orc knight
 18310 | D:10     | Reached XP level 11. HP: 19/54 MP: 1/25
 18752 | D:10     | Noticed Urug
 19101 | D:10     | Reached skill level 18 in Conjurations
 19184 | D:10     | Noticed a hill giant
 19188 | D:10     | Killed a hill giant
 19188 | D:10     | Reached skill level 4 in Spellcasting
 19245 | D:10     | Noticed Josephine
 19250 | D:10     | Killed Josephine
 19250 | D:10     | Reached skill level 6 in Spellcasting
 19266 | D:10     | HP: 11/54 [centaur skeleton[Josephine] (6)]
 19273 | D:10     | HP: 6/54 [centaur skeleton[Josephine] (6)]
 19562 | D:10     | Found a roughly hewn altar of Beogh.
 19562 | D:10     | Found a staircase to the Orcish Mines.
 19685 | D:10     | Reached skill level 7 in Spellcasting
 19699 | D:10     | Offered knowledge of Iron Shot by Vehumet.
 19882 | D:10     | Learned a level 6 spell: Iron Shot
 19955 | D:10     | Reached skill level 8 in Spellcasting
 20092 | D:10     | Reached skill level 9 in Spellcasting
 20223 | D:10     | Gained mutation: You passively map the area around you. [mutagenic meat]
 20224 | D:10     | Lost mutation: You have difficulty communicating with the divine. [mutagenic meat]
 20225 | D:10     | Gained mutation: Scrolls take you a little longer to read. [mutagenic meat]
 20253 | D:10     | Reached skill level 10 in Spellcasting
 20483 | D:10     | Killed Urug
 20708 | D:10     | Reached skill level 11 in Spellcasting
 21332 | D:10     | HP: 7/54 [something (8)]
 21335 | D:10     | Killed an unseen horror
 21724 | D:10     | Found a roughly hewn altar of Beogh.
 21756 | D:10     | Reached skill level 12 in Spellcasting
 21758 | D:10     | Reached XP level 12. HP: 55/59 MP: 26/35
 21766 | D:10     | Learned a level 6 spell: Poisonous Cloud
 21771 | D:10     | Learned a level 3 spell: Ozocubu's Armour
 21867 | D:10     | Found a staircase to the Orcish Mines.
 21943 | D:10     | HP: 11/59 [something (6)]
 21948 | D:10     | HP: 4/59 [something (6)]
 21949 | D:10     | Reached skill level 1 in Air Magic
 21949 | D:10     | Reached skill level 1 in Earth Magic
 21949 | D:10     | Reached skill level 1 in Poison Magic
 22442 | D:11     | Found Mnyirrep's Weapon Shoppe.
 22508 | D:11     | Found a staircase to the Lair.
 22658 | D:11     | Reached skill level 2 in Earth Magic
 22742 | D:11     | Reached skill level 2 in Poison Magic
 22755 | D:11     | Reached skill level 2 in Air Magic
 22764 | D:11     | Reached skill level 3 in Earth Magic
 22960 | D:11     | Reached skill level 3 in Poison Magic
 23132 | D:11     | Reached skill level 3 in Air Magic
 23138 | D:11     | Gained mutation: You have a pair of small antennae on your head. [mutagenic meat]
 23140 | D:11     | Gained mutation: Scrolls take you longer to read. [mutagenic meat]
 23189 | D:11     | Offered knowledge of Conjure Ball Lightning by Vehumet.
 23414 | D:11     | Reached skill level 4 in Earth Magic
 23655 | D:11     | Found a staircase to the Lair.
 23671 | D:11     | Found Mnyirrep's Weapon Shoppe.
 24135 | D:12     | Reached skill level 4 in Poison Magic
 24290 | D:12     | Reached skill level 4 in Air Magic
 24460 | D:12     | Reached skill level 5 in Earth Magic
 24557 | D:12     | Reached skill level 5 in Poison Magic
 25440 | D:13     | Noticed a centaur warrior
 25442 | D:13     | Killed a centaur warrior
 25537 | D:13     | Reached skill level 5 in Air Magic
 25567 | D:13     | Noticed Sonja
 25573 | D:13     | Killed Sonja
 25574 | D:13     | Noticed Erica
 25576 | D:13     | Killed Erica
 25576 | D:13     | Reached skill level 6 in Earth Magic
 25628 | D:13     | Found a labyrinth entrance.
 25639 | Lab      | Entered a labyrinth
 25663 | Lab      | Reached skill level 6 in Poison Magic
 25870 | Lab      | Gained mutation: You evolve. [potion of beneficial mutation]
 26003 | Lab      | Noticed a minotaur
 26010 | Lab      | Killed a minotaur
 26112 | Lab      | Got a wizard robe
 26112 | Lab      | Got a pair of faintly glowing gloves
 26127 | Lab      | Identified the cursed -4 pair of gloves of Klosh {Slay+2} (You found it in a labyrinth)
 26147 | Lab      | Identified the cursed -3 robe of Devotion {Slay+4 SInv} (You found it in a labyrinth)
 26246 | D:13     | Gained mutation: You are covered in fur (AC +1). [evolution]
 26287 | D:13     | Reached XP level 13. HP: 56/63 MP: 10/35
 26482 | D:13     | Noticed a five-headed hydra
 26484 | D:13     | Reached skill level 6 in Air Magic
 26489 | D:13     | Killed a five-headed hydra
 26770 | D:13     | Reached skill level 1 in Shields
 26775 | D:13     | Reached skill level 7 in Earth Magic
 26789 | D:13     | Offered knowledge of Poison Arrow by Vehumet.
 26793 | D:13     | Reached skill level 7 in Poison Magic
 27313 | D:13     | Reached skill level 2 in Shields
 27756 | D:13     | Found a portal to a secret trove of treasure.
 28269 | D:13     | Reached skill level 7 in Air Magic
 28701 | D:14     | Reached skill level 3 in Shields
 29095 | D:14     | Reached skill level 8 in Earth Magic
 29512 | D:14     | Reached skill level 8 in Poison Magic
 29687 | D:14     | Found a gate to the Vaults.
 30129 | D:15     | Entered Level 15 of the Dungeon
 30679 | D:15     | HP: 15/63 [yaktaur/bolt of flame (2)]
 30788 | D:15     | HP: 12/63 [yaktaur/bolt of flame (9)]
 30957 | D:15     | Reached skill level 4 in Shields
 31001 | D:15     | Found a staircase to the Depths.
 31001 | D:15     | Noticed a frost giant
 31005 | D:15     | HP: 5/63 [frost giant/bolt of cold (31)]
 31015 | D:15     | Killed a frost giant
 31015 | D:15     | Reached skill level 8 in Air Magic
 31015 | D:15     | Reached skill level 9 in Earth Magic
 31344 | D:15     | Found a staircase to the Depths.
 31642 | D:15     | Reached XP level 14. HP: 68/68 MP: 36/36
 31885 | D:15     | Reached skill level 9 in Poison Magic
 32414 | Orc:1    | Entered Level 1 of the Orcish Mines
 32851 | Orc:2    | HP: 4/68 [ettin/great mace (18)]
 32855 | Orc:2    | Offered knowledge of Bolt of Draining by Vehumet.
 32861 | Orc:2    | HP: 11/68 [something/magic dart (4)]
 33031 | Orc:3    | Noticed Harold
 33041 | Orc:3    | Noticed Nessos
 33181 | Orc:2    | Found a dark tunnel.
 33205 | Volcano  | Entered a volcano
 33509 | Volcano  | Reached skill level 5 in Shields
 33967 | Orc:2    | Lost mutation: Scrolls take you longer to read. [evolution]
 34174 | Orc:3    | Found Priej's Assorted Antiques.
 34225 | Orc:3    | Bought a book for 240 gold pieces
 34231 | Orc:3    | Learned a level 5 spell: Lightning Bolt
 34353 | Orc:3    | Noticed Erolcha
 34355 | Orc:3    | Killed Erolcha
 34400 | Orc:3    | Killed Nessos
 34400 | Orc:3    | Reached skill level 10 in Earth Magic
 34838 | Orc:3    | Offered knowledge of Bolt of Cold by Vehumet.
 34906 | Orc:3    | Reached skill level 9 in Air Magic
 34971 | Orc:3    | Killed Harold
 35105 | Orc:4    | Entered Level 4 of the Orcish Mines
 35105 | Orc:4    | Found a staircase to the Elven Halls.
 35924 | Orc:4    | Reached skill level 10 in Poison Magic
 36077 | Orc:4    | Found Jeoqahez's General Store.
 36119 | Orc:4    | Bought a +0 pair of boots for 45 gold pieces
 37251 | Orc:4    | Offered knowledge of Bolt of Fire by Vehumet.
 37258 | Orc:4    | Found Julukhloo's Weapon Shoppe.
 37435 | Orc:4    | Gained mutation: You can spit poison. [evolution]
 37566 | Orc:4    | Reached skill level 10 in Air Magic
 37654 | Orc:4    | Found Odiked's Food Shoppe.
 37703 | Orc:4    | Found Pifuonk's Antique Armour Shoppe.
 37704 | Orc:4    | Found Puben's Food Emporium.
 37716 | Orc:4    | Bought a glowing robe for 21 gold pieces
 38107 | Lair:1   | Entered Level 1 of the Lair of Beasts
 38148 | Lair:1   | Reached skill level 11 in Earth Magic
 38624 | Lair:1   | Reached skill level 11 in Poison Magic
 41859 | Lair:2   | Reached XP level 15. HP: 72/72 MP: 34/37
 41868 | Lair:2   | Reached skill level 11 in Air Magic
 42233 | Lair:3   | Reached skill level 1 in Charms
 42644 | Lair:3   | Reached skill level 1 in Ice Magic
 42647 | Lair:3   | Reached skill level 1 in Fire Magic
 43668 | Lair:3   | Reached skill level 2 in Charms
 43953 | Lair:3   | Reached skill level 2 in Ice Magic
 44690 | Lair:4   | Found a staircase to the Shoals.
 44746 | Lair:4   | Reached skill level 2 in Fire Magic
 44752 | Lair:4   | Offered knowledge of Spellforged Servitor by Vehumet.
 44930 | Lair:4   | Reached skill level 3 in Charms
 44947 | Lair:4   | Found a staircase to the Snake Pit.
 45596 | Lair:5   | Reached skill level 3 in Ice Magic
 46061 | Lair:5   | Gained mutation: Your spells are a little harder to cast, but a little more powerful. [evolution]
 46088 | Lair:5   | Reached skill level 4 in Charms
 47499 | Lair:5   | Reached skill level 3 in Fire Magic
 48226 | Lair:6   | Offered knowledge of Lehudib's Crystal Spear by Vehumet.
 48226 | Lair:6   | Offered knowledge of Fire Storm by Vehumet.
 48226 | Lair:6   | Offered knowledge of Glaciate by Vehumet.
 48320 | Lair:6   | Reached skill level 4 in Ice Magic
 48539 | Lair:6   | Reached skill level 5 in Charms
 48778 | Lair:6   | Found a staircase to the Slime Pits.
 48784 | Lair:6   | Reached skill level 13 in Spellcasting
 48789 | Lair:6   | Learned a level 3 spell: Mephitic Cloud
 48792 | Lair:6   | Learned a level 2 spell: Repel Missiles
 48795 | Lair:6   | Learned a level 2 spell: Blink
 48861 | Lair:6   | Found a viscous altar of Jiyva.
 49432 | Lair:6   | Reached skill level 4 in Fire Magic
 49729 | Lair:6   | Found a staircase to the Slime Pits.
 49729 | Lair:6   | Found a viscous altar of Jiyva.
 50539 | Lair:7   | Reached skill level 6 in Charms
 50541 | Lair:7   | Reached skill level 5 in Ice Magic
 51311 | Lair:8   | Entered Level 8 of the Lair of Beasts
 51437 | Lair:8   | Reached skill level 5 in Fire Magic
 51624 | Lair:8   | Reached skill level 7 in Charms
 51748 | Lair:8   | Noticed Somebody's ghost (powerful DENe)
 51754 | Lair:8   | Killed Somebody's ghost
 52005 | Lair:8   | Reached skill level 6 in Ice Magic
 52429 | Lair:8   | Reached skill level 6 in Fire Magic
 52662 | Lair:8   | Reached skill level 8 in Charms
 53855 | Lair:8   | Reached XP level 16. HP: 76/76 MP: 38/38
 53907 | Lair:8   | Reached skill level 7 in Ice Magic
 54073 | Lair:8   | Reached skill level 7 in Fire Magic
 54170 | Lair:8   | Got an ichor-stained cloak
 54181 | Lair:8   | Identified the +1 cloak "Himoett" {Slay+2} (You found it on level 8 of the Lair of Beasts)
 54210 | Lair:8   | Reached skill level 9 in Charms
 55010 | Slime:1  | Entered Level 1 of the Pits of Slime
 55255 | Slime:1  | Noticed an acid blob
 55258 | Slime:1  | Killed an acid blob
 55812 | Slime:3  | Reached skill level 10 in Charms
 55863 | Slime:3  | Noticed an acid blob
 55866 | Slime:3  | Killed an acid blob
 55866 | Slime:3  | Reached skill level 8 in Ice Magic
 56222 | Slime:4  | Reached skill level 8 in Fire Magic
 56226 | Slime:4  | Noticed an acid blob
 56391 | Slime:4  | Killed an acid blob
 56767 | Slime:5  | Reached skill level 11 in Charms
 56796 | Slime:5  | Lost mutation: You can spit poison. [evolution]
 56953 | Slime:6  | Entered Level 6 of the Pits of Slime
 56965 | Slime:6  | Noticed an acid blob
 56979 | Slime:6  | Killed an acid blob
 56979 | Slime:6  | Reached skill level 9 in Ice Magic
 56994 | Slime:6  | Reached skill level 9 in Fire Magic
 56999 | Slime:6  | Noticed an acid blob
 57002 | Slime:6  | Killed an acid blob
 57558 | Slime:6  | Noticed an acid blob
 57562 | Slime:6  | Killed an acid blob
 57563 | Slime:6  | Noticed the royal jelly
 57564 | Slime:6  | Noticed an acid blob
 57564 | Slime:6  | Noticed an acid blob
 57565 | Slime:6  | Noticed an acid blob
 57826 | Slime:5  | Reached skill level 10 in Fire Magic
 57826 | Slime:5  | Reached skill level 10 in Ice Magic
 58856 | Slime:6  | Noticed an acid blob
 58859 | Slime:6  | Killed an acid blob
 59038 | Slime:6  | Noticed an acid blob
 59040 | Slime:6  | Killed an acid blob
 59234 | Slime:6  | Noticed an acid blob
 59239 | Slime:6  | Killed an acid blob
 59239 | Slime:6  | Reached skill level 11 in Fire Magic
 59239 | Slime:6  | Reached skill level 11 in Ice Magic
 59239 | Slime:6  | Reached XP level 17. HP: 52/80 MP: 2/39
 59279 | Slime:6  | Noticed an acid blob
 59444 | Slime:6  | Killed an acid blob
 59446 | Slime:6  | Killed an acid blob
 59446 | Slime:6  | Reached skill level 1 in Fighting
 59543 | Slime:6  | Found a viscous altar of Jiyva.
 59612 | Slime:6  | HP: 14/84 [azure jelly[the royal jelly] (25)]
 59612 | Slime:6  | Annihilated by an azure jelly

Action                   |  1- 3 |  4- 6 |  7- 9 | 10-12 | 13-15 | 16-18 || total
-------------------------+-------+-------+-------+-------+-------+-------++-------
Melee: Dagger            |       |     1 |       |     5 |       |       ||     6
       Staff             |       |       |       |    19 |     1 |       ||    20
 Cast: Magic Dart        |    82 |   183 |   303 |   238 |   102 |     3 ||   911
       Iskenderun's Myst |       |    11 |    47 |   332 |   927 |   230 ||  1547
       Conjure Flame     |       |       |     1 |    14 |     5 |       ||    20
       Iron Shot         |       |       |       |    40 |   162 |    90 ||   292
       Iskenderun's Batt |       |       |       |     1 |     2 |     1 ||     4
       Ozocubu's Armour  |       |       |       |     1 |       |       ||     1
       Poisonous Cloud   |       |       |       |       |    81 |       ||    81
       Lightning Bolt    |       |       |       |       |     2 |     8 ||    10
       Repel Missiles    |       |       |       |       |     1 |       ||     1
Evoke: Wand              |       |       |     3 |       |     5 |     4 ||    12
       Lamp of fire      |       |       |       |       |     1 |       ||     1
       Phial of floods   |       |       |       |       |     1 |       ||     1
  Use: Scroll            |     3 |     2 |     4 |    16 |     4 |     4 ||    33
       Potion            |       |       |     2 |    10 |     5 |     2 ||    19
  Eat: Royal jelly       |     1 |       |       |       |     3 |     2 ||     6
       Chunk             |     1 |    12 |    19 |    54 |   112 |     3 ||   201
       Bread ration      |       |     1 |     2 |     6 |     3 |     3 ||    15
       Beef jerky        |       |     1 |       |     1 |       |       ||     2
       Meat ration       |       |       |       |       |     2 |     1 ||     3
       Pizza             |       |       |       |       |     1 |       ||     1
       Fruit             |       |       |       |       |       |    12 ||    12

Vault maps used:
D:1:      saegor_arrival_miasma
D:2:      nicolae_overflow_crystal_walls, lemuel_doored_altar, minmay_unequal
D:3:      lemuel_crystal_altar, first_bread, evilmike_ruin_ashenzari
D:4:      temple_pool_b
D:5:      old_standard_altar, lemuel_crystal_altar
D:6:      serial_shops, shop, uniq_pikel
D:8:      uniq_grum, uniq_gastronok
D:9:      uniq_maurice
D:10:     david_orc_5, special_room, david_nohive_1, uniq_josephine, uniq_urug
D:11:     lair_0_dummy, serial_shops, shop
D:13:     nicolae_trove_entry_diagonal, lab_entry_generic, zaba_antful_of_joy,
          uniq_sonja, uniq_erica
D:14:     david_vaults_4, serial_glass, glass_columns_a, glass_columns_c,
          glass_columns_a, glass_columns_c, glass_columns_a, glass_columns_a,
          kennysheep_decorative_pillar
D:15:     grunt_enter_depths_snipers, hangedman_abyss_or_decor_lesser_grid
Lair:1:   special_room
Lair:2:   lemuel_fruit_fields, serial_bayou_shore_b, grunt_megastairs_2
Lair:3:   infiniplex_staircase_pool
Lair:4:   minmay_shoals_entry_centaurs, guppyfry_snake_entry_garden,
          grunt_megastairs_3
Lair:5:   minivault_23
Lair:6:   slime_altar_1
Lair:7:   lemuel_slime, beast_lair_carwin_2
Lair:8:   guppyfry_lair_end_dragon, hangedman_lair_caniforms_friends
Slime:1:  nicolae_slime_barrier
Slime:2:  cheibrodos_slime_lost_civilization_5
Slime:3:  cheibrodos_slime_lost_civilization_7
Orc:1:    basic_altar
Orc:2:    nicolae_volcano_entry_lava_flow
Orc:3:    serial_shops, shop_coins, nicolae_orc_pool_cavern, uniq_nessos,
          uniq_erolcha, uniq_harold
Orc:4:    nicolae_orc_accident_3, serial_shops, shop_coins, st_orc_pillars
Lab:      labyrinth_mini_lab, nicolae_lab_hexagon, labyrinth_skeletal_remains,
          lab_block, nicolae_lab_blocks, nicolae_lab_x, nicolae_lab_starburst,
          nicolae_lab_grate_2, nicolae_lab_t_cross, lab_fountain,
          labyrinth_lava_lair, labyrinth_glass_2, nicolae_lab_quarters
Volcano:  volcano_aerie

Table legend:
 A = Turns spent in this place as a percentage of turns spent in the entire game.
 B = Non-inter-level travel turns spent in this place as a percentage of non-inter-level travel turns spent in the entire game.
 C = Inter-level travel turns spent in this place as a percentage of turns spent in this place.
 D = Turns resting spent in this place as a percentage of non-inter-level travel turns spent in this place.
 E = Turns spent auto-exploring this place as a percentage of non-inter-level travel turns spent in this place.
 F = Non-inter-level travel turns spent in this place divided by the number of levels of this place that you've seen.
                   A       B       C       D       E      F
               +-------+-------+-------+-------+-------+----------------------
         Total | 100.0 | 100.0 |   0.5 |  17.0 |  10.9 | 283.6
       Dungeon |  48.2 |  48.2 |   0.6 |  16.9 |  12.2 | 318.7
          Lair |  25.2 |  25.2 |   0.4 |  19.2 |  10.6 | 312.4
    Slime Pits |   6.6 |   6.5 |   0.9 |  20.8 |   4.5 | 108.2
  Orcish Mines |  15.0 |  15.0 |   0.3 |  16.8 |  13.3 | 372.8
     Labyrinth |   3.7 |   3.8 |   0.0 |   2.1 |   0.0 | 373.0
       Volcano |   1.4 |   1.4 |   0.0 |   5.9 |   0.7 | 135.0
               +-------+-------+-------+-------+-------+----------------------

Table legend:
 A = Kills in this place as a percentage of kills in entire the game.
 B = Kills by you in this place as a percentage of kills by you in the entire game.
 C = Kills by friends in this place as a percentage of kills by friends in the entire game.
 D = Other kills in this place as a percentage of other kills in the entire game.
 E = Experience gained in this place as a percentage of experience gained in the entire game.
 F = Experience gained in this place divided by the number of levels of this place that you have seen.
                   A       B       C       D       E      F
               +-------+-------+-------+-------+-------+----------------------
         Total | 100.0 | 100.0 | 100.0 | 100.0 | 100.0 | 6322.4
       Dungeon |  42.1 |  42.1 |   0.0 | 100.0 |  29.4 | 4337.5
          Lair |  28.8 |  28.8 |   0.0 |   0.0 |  28.6 | 7918.9
    Slime Pits |   7.9 |   7.9 |   0.0 |   0.0 |  28.8 | 10629.2
  Orcish Mines |  19.8 |  19.8 | 100.0 |   0.0 |  10.4 | 5731.2
     Labyrinth |   0.6 |   0.6 |   0.0 |   0.0 |   1.0 | 2286.0
       Volcano |   0.8 |   0.8 |   0.0 |   0.0 |   1.8 | 3884.0
               +-------+-------+-------+-------+-------+----------------------
